 Dungeon Crawl Stone Soup version 0.28.0 (webtiles) character file.

Game seed: 15450582893302338737

3445 Descartes the Protected (level 10, -6/73 HPs)
             Began as a Formicid Warper on Feb 9, 2022.
             Was an Initiate of Gozag.
             Mangled by a slime creature (13 damage)
             ... on level 7 of the Dungeon.
             The game lasted 00:15:36 (11057 turns).

Descartes the Protected (Formicid Warper)          Turns: 11057, Time: 00:15:36

Health: -6/73      AC: 18    Str: 21    XL:     10   Next: 26%
Magic:  13/13      EV:  9    Int: 12    God:    Gozag
Gold:   876        SH:  0    Dex: 16    Spells: 8/13 levels left

rFire   + . .      SeeInvis +   d - +2 hand axe (vorpal)
rCold   . . .      Faith    .   (no shield)
rNeg    . . .      Spirit   .   w - +2 chain mail {rF+}
rPois   .          Reflect  .   (helmet unavailable)
rElec   .          Harm     .   (no cloak)
rCorr   .          Rampage  .   q - +2 pair of gloves
Will    +....                   h - +0 pair of boots
Stlth   ..........              (no amulet)
HPRegen 0.22/turn               g - +6 ring of dexterity
MPRegen 0.13/turn               (no ring)

@: no status effects
A: permanent stasis, dig shafts and tunnels, antennae 3, four strong arms
a: Dig, Shaft Self, Renounce Religion, Potion Petition, Call Merchant, Bribe
Branch


You were on level 7 of the Dungeon.
You worshipped Gozag.
Gozag was pleased with you.
You visited 2 branches of the dungeon, and saw 9 of its levels.

You collected 1296 gold pieces.
You spent 206 gold pieces at shops.
You paid 214 gold pieces to Gozag.

Inventory:

Hand Weapons
 a - a +0 hand axe
 d - a +2 vorpal hand axe (weapon)
 o - a +1 antimagic halberd
 I - a +2 trident of flaming
Missiles
 c - 5 boomerangs of dispersal (quivered)
 e - 4 javelins
 j - 18 poisoned darts
 k - 189 stones
 p - 3 atropa-tipped darts
 A - 66 bolts
 B - 71 arrows
 C - 2 throwing nets
Armour
 h - a +0 pair of boots (worn)
 q - a +2 pair of gloves (worn)
 w - a +2 chain mail of fire resistance (worn)
Jewellery
 g - a +6 ring of dexterity (left hand)
 H - a ring of protection from fire
Wands
 D - a wand of iceblast (11)
 E - a wand of polymorph (5)
 F - a wand of flame (2)
Scrolls
 i - a scroll of acquirement {unknown}
 l - 6 scrolls of identify {unknown}
 r - 2 scrolls of amnesia {unknown}
 s - 3 scrolls of magic mapping {unknown}
 t - 2 scrolls of enchant armour {unknown}
 v - 2 scrolls of brand weapon {unknown}
 x - a scroll of fog {unknown}
 y - 6 scrolls of teleportation {unknown}
Potions
 b - 2 potions of curing {unknown}
 f - 3 potions of haste {unknown}
 m - 3 potions of heal wounds {unknown}
 n - 3 potions of magic {unknown}
 u - a potion of degeneration {unknown}
 z - a potion of resistance {unknown}
 G - a potion of lignification {unknown}
 J - a potion of mutation {unknown}


   Skills:
 + Level 4.5 Fighting
 - Level 5.0 Axes
 - Level 1.0 Throwing
 + Level 9.9 Armour
 - Level 1.7 Dodging
 - Level 2.1 Spellcasting
 + Level 8.7 Translocations


You had 8 spell levels left.
You knew the following spells:

 Your Spells              Type           Power      Damage    Failure   Level
a - Manifold Assault      Tloc           22%        N/A       80%         5

Your spell library contained the following spells:

 Spells                   Type           Power      Damage    Failure   Level
 Gell's Gravitas          Tloc           22%        N/A       14%         3
 Lesser Beckoning         Tloc           22%        N/A       14%         3
 Teleport Other           Tloc           22%        N/A       14%         3
 Beastly Appendage        Tmut           2%         N/A       87%         1
 Wereblood                Tmut           1%         N/A       95%         2
 Spider Form              Tmut/Pois      1%         N/A       99%         3
 Blink                    Tloc           Unusable   N/A       N/A         2

Dungeon Overview and Level Annotations

Branches:
Dungeon (8/15)             Temple (1/1) D:4
   Lair: D:8-11

Altars:
Ashenzari
Cheibriados
Dithmenos
Elyvilon
Fedhas
Gozag
Hepliaklqana
Kikubaaqudgha
Makhleb
Nemelex Xobeh
Okawaru
Qazlal
Ru
Sif Muna
Trog
Uskayaw
Vehumet
Wu Jian
Xom
Yredelemnul
Zin
The Shining One

Shops:
D:8 *


Innate Abilities, Weirdness & Mutations

You cannot be hasted, slowed, berserked, paralysed or teleported.
You can dig through walls and to a lower floor.
You have a pair of large antennae on your head. (SInv)
Your four strong arms can wield two-handed weapons with a shield.


Message History

You climb upwards.
There is a stone staircase leading down, spattered with blood here.
Okay, then.
The slime creature hits you but does no damage.
You slash the slime creature!
The slime creature is moderately wounded.
The slime creature barely misses you.
You slash the slime creature!
The slime creature is moderately wounded.
The slime creature hits you!
* * * LOW HITPOINT WARNING * * *
You slash the slime creature!
The slime creature is heavily wounded.
The slime creature hits you but does no damage.
You hit the slime creature.
The slime creature is severely wounded.
The slime creature hits you but does no damage.
You hit the slime creature.
The slime creature is severely wounded.
The slime creature hits you but does no damage.
You hit the slime creature.
The slime creature is severely wounded.
The slime creature hits you.
* * * LOW HITPOINT WARNING * * *
You hit the slime creature.
The slime creature is severely wounded.
The slime creature hits you but does no damage.
You hit the slime creature.
The slime creature is severely wounded.
The slime creature closely misses you.
You slash the slime creature!
The slime creature is severely wounded.
The slime creature hits you but does no damage.
You hit the slime creature but do no damage.
The slime creature is severely wounded.
The slime creature hits you!
* * * LOW HITPOINT WARNING * * *
The slime creature hits you!
You die...
Your body crumbles into a pile of gold.

######## ###### #......#
########....######......#########
................@J...............
#####.##.##[####........##.##...#
#.##.##.# #.#......##.##.#.#
#.##.##)# #.#......##.##.### #
#.##.##<####.#......##..#.... #
#.##.......#.#).....###.##### #
#.##............#.......# ##
#.##.......##)###.####### .#
#.##.......##.)...#


You could see a slime creature.

Vanquished Creatures
  An unseen horror (D:6)
  Grinder (D:4)
  2 slime creatures
  A steam dragon (D:8)
  Menkaure (D:5)
  3 water moccasins
  An orc warrior (D:8)
  2 ice beasts
  2 necrophages
  A centaur (D:6)
  A kobold brigand (D:7)
  3 scorpions
  A water moccasin zombie (D:5)
  A water moccasin skeleton (D:4)
  A vampire bat (D:3)
  A howler monkey (D:4)
  2 centaur zombies
  A gnoll shaman (D:7)
  4 orc priests
  A bullfrog skeleton (D:5)
  3 jellies (D:6)
  4 hounds
  2 centaur skeletons (D:6)
  5 iguanas
  6 orc wizards
  9 gnolls
  6 adders
  A white imp (D:5)
  A worm (D:2)
  3 dart slugs
  3 fire bats (D:3)
  30 orcs
  2 spectral bats (D:3)
  14 bats
  3 bat skeletons (D:3)
  A bat zombie (D:3)
  4 endoplasms
  2 giant cockroaches
  8 hobgoblins
  7 jackals (D:2)
  4 quokkas
  5 ball pythons
  A bat simulacrum (D:3)
  4 frilled lizards
  6 goblins
  11 kobolds
  A rat (D:1)
177 creatures vanquished.

Vanquished Creatures (others)
  An orc (D:8)
1 creature vanquished.

Grand Total: 178 creatures vanquished

Notes
Turn   | Place    | Note
-------+----------+-------------------------------------------
     0 | D:1      | Descartes the Formicid Warper began the quest for the Orb.
     0 | D:1      | Reached XP level 1. HP: 16/16 MP: 3/3
   255 | D:1      | Reached XP level 2. HP: 22/22 MP: 5/5
   661 | D:2      | Found a sparkling altar of Nemelex Xobeh.
   684 | D:2      | Reached skill level 2 in Armour
   692 | D:2      | Reached XP level 3. HP: 6/27 MP: 6/6
  1466 | D:2      | Reached XP level 4. HP: 31/33 MP: 7/7
  1645 | D:2      | Found a faded altar of an unknown god.
  1985 | D:3      | You fall into a shaft and drop 1 floor!
  1985 | D:4      | Found a staircase to the Ecumenical Temple.
  1991 | Temple   | Entered the Ecumenical Temple
  2327 | Temple   | Became a worshipper of Gozag Ym Sagoz the Greedy
  2355 | D:4      | Reached skill level 3 in Armour
  2658 | D:3      | Reached XP level 5. HP: 38/38 MP: 8/8
  3905 | D:4      | Reached skill level 4 in Armour
  4164 | D:3      | Reached XP level 6. HP: 35/44 MP: 9/9
  5215 | D:5      | Entered Level 5 of the Dungeon
  5215 | D:5      | Noticed Grinder
  5215 | D:5      | Noticed Menkaure
  5224 | D:4      | Killed Grinder
  5225 | D:4      | Reached skill level 5 in Armour
  5225 | D:4      | Reached skill level 5 in Translocations
  5225 | D:4      | Reached XP level 7. HP: 21/50 MP: 10/10
  5561 | D:5      | Reached XP level 8. HP: 56/56 MP: 11/11
  5657 | D:5      | Reached skill level 6 in Armour
  6011 | D:4      | Learned a level 5 spell: Manifold Assault
  6164 | D:5      | Killed Menkaure
  6165 | D:5      | Reached skill level 5 in Axes
  6379 | D:5      | Reached skill level 7 in Armour
  7054 | D:6      | Found a shimmering altar of Xom.
  7081 | D:6      | Reached XP level 9. HP: 57/61 MP: 12/12
  7513 | D:6      | Found a burning altar of Makhleb.
  7513 | D:6      | Noticed an unseen horror
  7514 | D:6      | Found a shimmering blue altar of Sif Muna.
  7548 | D:6      | Killed an unseen horror
  7549 | D:6      | Reached skill level 8 in Armour
  8809 | D:7      | Reached skill level 9 in Armour
  9759 | D:8      | Noticed a slime creature
  9760 | D:8      | Noticed a slime creature
  9760 | D:8      | Noticed a slime creature
  9760 | D:8      | Noticed a slime creature
  9761 | D:8      | Noticed a slime creature
  9823 | D:7      | Killed a slime creature
  9824 | D:7      | Reached XP level 10. HP: 41/70 MP: 13/13
 10574 | D:8      | Found Xais Miu's Assorted Antiques.
 10692 | D:8      | Bought a scroll labelled SAWAFE LEVIK for 31 gold pieces
 10692 | D:8      | Bought a scroll labelled EPIAPNU WOZAA for 31 gold pieces
 10692 | D:8      | Bought a scroll labelled WYACVO WIATUA for 31 gold pieces
 10692 | D:8      | Bought 2 pink potions for 55 gold pieces
 10692 | D:8      | Bought a yellow potion for 27 gold pieces
 10692 | D:8      | Bought a scroll labelled OCZIDW OFOI for 31 gold pieces
 11057 | D:7      | Mangled by a slime creature

Illustrated notes

Levels and vault maps discovered:
D:1:      dpeg_arrival_erosion, layout_rooms
D:2:      layout_loops_cross, basic_altar, dilly_ecumenical_altar_fadedgnrine
D:3:      layout_loops_ring, glass_columns_b, goddamned_bats
D:4:      layout_loops_corners, minmay_temple_entry_purple_smoke
D:5:      layout_basic, minmay_between, uniq_grinder, uniq_menkaure
D:6:      layout_layer_cave, lemuel_doored_altar, hangedman_feature_mirror
D:7:      layout_basic
D:8:      layout_loops_cross, serial_shops, nicolae_shop_advertising_works
          [nicolae_subvault_shop_adworks], abandoned_shop
Temple:   mainiacjoe_temple_circle_huts

Skill      XL: |  1  2  3  4  5  6  7  8  9 10 |
---------------+-------------------------------+-----
Translocations | 3 4 5 6 8 |  8.7
Armour         | 2 3 4 5 7 9 |  9.9
Axes           | 3 4 5 |  5.0
Fighting       | 3 4 |  4.5
Throwing       | |  1.0
Dodging        | |  1.7
Spellcasting   | |  2.1

Action                   |  1- 3 |  4- 6 |  7- 9 | 10-12 || total
-------------------------+-------+-------+-------+-------++-------
Melee: Hand axe          |    63 |   206 |   399 |   108 ||   776
       Punch             |       |     2 |     4 |       ||     6
Invok: Potion Petition   |       |       |     1 |       ||     1
 Stab: Distracted        |       |       |     1 |     1 ||     2
Armor: Leather armour    |    13 |     3 |       |       ||    16
       Scale mail        |       |   117 |       |       ||   117
       Chain mail        |       |     9 |   288 |    47 ||   344
Dodge: Dodged            |    37 |   142 |   163 |    46 ||   388
